 Dungeon Crawl Stone Soup version 0.26-a0-1026-g544776af23 (webtiles) character file.

Game seed: 6676120351481147520

4094 lunkers the Cleaver (level 10, -9/94 HPs)
             Began as a Deep Dwarf Fighter on Dec 9, 2020.
             Killed from afar by Maggie (14 damage)
             ... with a bolt of fire
             ... on level 7 of the Dungeon on Dec 10, 2020.
             The game lasted 00:15:30 (5761 turns).

lunkers the Cleaver (Deep Dwarf Fighter)            Turns: 5761, Time: 00:15:31

Health: -9/94      AC: 18    Str: 24    XL:     10   Next: 5%
Magic:  6/6        EV:  5    Int:  8    God:
Gold:   518        SH: 12    Dex: 12    Spells: 9/9 levels left

rFire    . . .     SeeInvis .   a - +0 war axe
rCold    . . .     Faith    .   c - +0 kite shield
rNeg     . . .     Spirit   .   v - +0 plate armour
rPois    .         Reflect  .   n - +0 helmet
rElec    .         Harm     .   o - +1 cloak {Will+}
rCorr    .         Rampage  .   (no gloves)
Will     ++...                  (no boots)
Stlth    ..........             (no amulet)
HPRegen  0.00/turn              k - +4 ring of protection
MPRegen  0.10/turn              (no ring)

@: mighty, non-regenerating
A: damage resistance, heal wounds, sense surroundings 2, no regeneration
a: Heal Wounds


You were on level 7 of the Dungeon.
You visited 2 branches of the dungeon, and saw 11 of its levels.

You collected 518 gold pieces.

Inventory:

Hand Weapons
 a - a +0 war axe (weapon)
Armour
 b - a +0 scale mail
 c - a +0 kite shield (worn)
 n - a +0 helmet (worn)
 o - a +1 cloak of willpower (worn)
 v - a +0 plate armour (worn)
Jewellery
 k - a +4 ring of protection (left hand)
 t - an uncursed ring of poison resistance {unknown}
Wands
 m - a wand of polymorph (13)
 x - a wand of digging (6)
 y - a wand of paralysis (2)
 F - a wand of random effects (22)
Scrolls
 f - 3 scrolls of identify
 g - 2 scrolls of remove curse
 i - 4 scrolls of amnesia
 p - 2 scrolls of teleportation {unknown}
 q - 2 scrolls of magic mapping {unknown}
 r - 2 scrolls of noise {unknown}
 s - 5 scrolls of fear {unknown}
 A - a scroll of enchant armour {unknown}
 C - a scroll of enchant weapon {unknown}
 D - a scroll of random uselessness {unknown}
 G - a scroll of blinking {unknown}
 I - a scroll of fog {unknown}
Potions
 d - 3 potions of might
 e - a potion of heal wounds
 h - 7 potions of brilliance
 j - 2 potions of lignification
 l - a potion of resistance
 u - a potion of flight
 w - 3 potions of mutation
 z - 5 potions of curing
 B - a potion of ambrosia
 E - a potion of degeneration {unknown}
 H - a potion of attraction {unknown}
Miscellaneous
 J - a tin of tremorstones (2/2)


   Skills:
 + Level 7.2 Fighting
 * Level 11.3 Axes
 - Level 3.2 Armour
 + Level 8.6 Shields


You had 9 spell levels left.
You didn't know any spells.
Your spell library was empty.

Dungeon Overview and Level Annotations

Branches:
Dungeon (10/15)            Temple (1/1) D:5            Lair (0/6) D:8
    Orc: D:9-12

Altars:
Ashenzari
Cheibriados
Dithmenos
Elyvilon
Fedhas
Gozag
Hepliaklqana
Kikubaaqudgha
Nemelex Xobeh
Okawaru
Qazlal
Sif Muna
Trog
Uskayaw
Vehumet
Wu Jian
Xom
Zin

Shops:
D:4 *

Annotations:
D:6 exclusion: statue
D:7 Maggie


Innate Abilities, Weirdness & Mutations

You are resistant to damage.
You can heal yourself by infusing magical energy.
You passively map the area around you.
You do not regenerate.


Message History

Maggie gestures wildly while chanting.
Maggie attempts to bespell you! You resist with almost no effort.
The orc warrior hits you from afar with a +0 glaive!
* * * LOW HITPOINT WARNING * * *
You block the orc's attack.
Unknown command.
You closely miss Maggie.
Maggie is lightly wounded.
You hit the orc.
You kill the orc!
Maggie gives herself a magical halo, but it quickly sputters out.
Maggie hits you with a +1 vorpal halberd.
* * * LOW HITPOINT WARNING * * *
You block the orc warrior's attack.
Unknown command.
You slash Maggie!
Maggie is moderately wounded.
Maggie casts a spell at you. The bolt of fire hits you!
You die...

* , , ......., *, * , ..#..#
* * , ≈ , , ##....### * , ,
*, #.......#* , , #.......#
, ≈ ......... #.......# ,. ≈
, ........# #...o)..##...
*,≈ , .......# #....>..''...
, ,, #.....# #....@..##...,
* #.....# #..(@...#* ≈,
#....5# #.......# ≈ #....o#
#.......# * * ** ** *
#...).# ############ , , ,
#.?...####..........# , ,
+.....5..'..........+, ,
#........#..........########
#
####.....#..........#.......
)


You could see Maggie and an orc warrior.

Vanquished Creatures
  A two-headed ogre (D:6)
  Joseph (D:7)
  3 yaks
  Edmund (D:6)
  A water moccasin (D:6)
  2 ice beasts (D:5)
  2 orc warriors
  2 black bears (D:6)
  2 ogres
  A necrophage (D:10)
  2 centaurs (D:5)
  2 bullfrogs (D:6)
  2 scorpions
  8 wights
  A howler monkey (D:5)
  A jelly (D:10)
  6 orc wizards
  3 orc priests
  3 hounds
  A bullfrog skeleton (D:6)
  Ijyb (D:4)
  2 iguanas
  6 worker ants
  A hound zombie (D:5)
  10 adders
  8 gnolls
  3 shadow imps
  2 white imps
  2 ufetubi
  An ooze (D:3)
  2 worms
  A dart slug (D:3)
  7 leopard geckos
  17 orcs
  4 giant cockroaches
  7 goblins
  7 hobgoblins
  10 jackals
  8 kobolds
  5 quokkas
  A ball python (D:3)
  9 bats
  2 frilled lizards
  A quokka skeleton (D:5)
  A quokka zombie (D:5)
  8 rats
171 creatures vanquished.

Vanquished Creatures (others)
  7 plants (D:1)
7 creatures vanquished.

Grand Total: 178 creatures vanquished

Notes
Turn   | Place    | Note
-------+----------+-------------------------------------------
     0 | D:1      | lunkers the Deep Dwarf Fighter began the quest for the Orb.
     0 | D:1      | Reached XP level 1. HP: 20/20 MP: 1/1
    96 | D:1      | Reached XP level 2. HP: 22/27 MP: 2/2
   239 | D:1      | Reached skill level 3 in Axes
   823 | D:2      | Reached XP level 3. HP: 21/34 MP: 3/3
   944 | D:2      | Reached XP level 4. HP: 21/42 MP: 4/4
   957 | D:2      | Found a shadowy altar of Dithmenos.
  1128 | D:2      | Reached skill level 4 in Axes
  1506 | D:2      | Found an iron altar of Okawaru.
  1509 | D:2      | Found a stormy altar of Qazlal.
  1512 | D:2      | Found an opulent altar of Gozag.
  1919 | D:3      | Reached XP level 5. HP: 15/49 MP: 4/4
  2591 | D:4      | Reached skill level 5 in Axes
  2642 | D:4      | Reached XP level 6. HP: 33/57 MP: 5/5
  2804 | D:4      | Noticed Ijyb
  2809 | D:4      | Killed Ijyb
  2987 | D:4      | Found Hadghapso's General Store.
  3239 | D:5      | Entered Level 5 of the Dungeon
  3377 | D:5      | Found a staircase to the Ecumenical Temple.
  3401 | Temple   | Entered the Ecumenical Temple
  3561 | D:5      | Found a stormy altar of Qazlal.
  3589 | D:5      | Reached skill level 6 in Axes
  3589 | D:5      | Reached skill level 5 in Shields
  3599 | D:5      | Reached XP level 7. HP: 44/64 MP: 6/6
  3721 | D:5      | Reached skill level 7 in Axes
  3770 | D:5      | Found an ancient bone altar of Kikubaaqudgha.
  3977 | D:5      | Found a bloodstained altar of Trog.
  4151 | D:5      | Reached XP level 8. HP: 45/73 MP: 7/7
  4231 | D:5      | Reached skill level 5 in Fighting
  4261 | D:5      | Found a shimmering altar of Xom.
  4342 | D:6      | Reached skill level 8 in Axes
  4364 | D:6      | Noticed a two-headed ogre
  4380 | D:6      | Killed a two-headed ogre
  4381 | D:6      | Reached skill level 9 in Axes
  4451 | D:6      | Gained mutation: You passively map the area around you.
                  | [Deep Dwarf growth]
  4451 | D:6      | Reached XP level 9. HP: 57/82 MP: 7/7
  4460 | D:6      | Noticed Edmund
  4477 | D:6      | Killed Edmund
  4512 | D:6      | Found an ornate altar of the Wu Jian Council.
  4592 | D:6      | Reached skill level 10 in Axes
  4799 | D:6      | Found a radiant altar of Vehumet.
  5248 | D:7      | You fall into a shaft and drop 3 floors!
  5248 | D:10     | Entered Level 10 of the Dungeon
  5726 | D:10     | Reached skill level 11 in Axes
  5748 | D:7      | Noticed Maggie
  5748 | D:7      | Noticed Joseph
  5756 | D:7      | Killed Joseph
  5757 | D:7      | Reached XP level 10. HP: 23/94 MP: 6/6
  5761 | D:7      | Killed from afar by Maggie

Illustrated notes

Levels and vault maps discovered:
D:1:      psy_arrival_dodecagon, layout_loops_cross, serial_bayou_lagoon_a,
          minmay_pentomino_p4
D:2:      layout_basic, grunt_temple_overflow_diamond,
          nicolae_dithmenos_shadow_blocks
D:3:      layout_basic, minmay_misc_feat_square
D:4:      layout_basic, serial_shops, nicolae_shop_statue_plus, uniq_ijyb
D:5:      layout_basic, lemuel_round_altar, overflow_temple_1_default,
          kiku_gazebo_pond_becter, minmay_temple_entry_proselytizer,
          grunt_ministairs_3, lemuel_altar_in_water
D:6:      layout_rooms, overflow_temple_1_default, vehumet_statue, minivault_27,
          minmay_between, uniq_edmund
D:7:      gammafunk_wand_slinger, layout_basic, glass_columns_c, uniq_maggie,
          uniq_joseph
D:8:      layout_loops_ring, grunt_temple_overflow_holy_war, lemuel_round_altar,
          nicolae_ru_awakened_eye, minmay_lair_entry_grove, basic_altar,
          lemuel_statue_altar
D:9:      minmay_chambers_of_sixes, layout_rooms, david_orc_4, serial_shops,
          kennysheep_little_box, basic_altar, nrook_pool_corridor,
          corexii_corridor_pit
D:10:     layout_loops_ring, serial_shops, nicolae_shop_waterfront,
          grunt_potential, uniq_fannar
Temple:   kb_temple_of_zot

Skill      XL: |  1  2  3  4  5  6  7  8  9 |
---------------+----------------------------+-----
Axes           | 3 4 5 6 7 9 11 | 11.3
Fighting       | 3 4 6 7 |  7.2
Shields        | 4 5 6 7 8 |  8.6
Armour         | |  3.2

Action                   |  1- 3 |  4- 6 |  7- 9 | 10-12 || total
-------------------------+-------+-------+-------+-------++-------
Melee: War axe           |   105 |   203 |   315 |     4 ||   627
 Abil: Heal Wounds       |       |     4 |     7 |       ||    11
Evoke: Wand              |       |       |     7 |       ||     7
  Use: Scroll            |     3 |     8 |       |       ||    11
       Potion            |       |       |     2 |       ||     2
 Stab: Paralysed         |       |       |    11 |       ||    11
Armor: Scale mail        |    50 |    65 |       |       ||   115
       Plate armour      |       |    36 |   169 |     1 ||   206
Dodge: Dodged            |    48 |    49 |    56 |     1 ||   154
Block: Kite shield       |    47 |   116 |   185 |     3 ||   351

Table legend: (Time is in decaauts)
 A = Elapsed time spent in this place.
 B = Non-inter-level travel time spent in this place.
 C = Inter-level travel time spent in this place.
 D = Time resting spent in this place.
 E = Time spent auto-exploring this place.
 F = Levels seen in this place.
 G = Mean time per level.
                   A        B        C        D        E       F      G
               +--------+--------+--------+--------+--------+-----+--------+
         Total |   5926 |   5729 |    197 |    100 |   4098 |  11 |  538.7 |
       Dungeon |   5819 |   5637 |    182 |    100 |   4009 |  10 |  581.9 |
        Temple |    106 |     91 |     15 |      0 |     89 |   1 |  106.0 |
               +--------+--------+--------+--------+--------+-----+--------+

Top non-repeatable levels by time:
     D:3: 1020 daAuts
     D:5: 989 daAuts
     D:2: 968 daAuts
     D:6: 817 daAuts
     D:4: 682 daAuts
     D:1: 673 daAuts
    D:10: 474 daAuts
     D:7: 164 daAuts
  Temple: 106 daAuts
     D:9: 24 daAuts
     D:8: 3 daAuts
